 Dungeon Crawl Stone Soup version 0.29.1-12-g30fa7ad0bf (webtiles) character file.

Game seed: 1991758049058255586

0 growler the Stinger (level 1, 0/15 HPs)
             Began as a Demonspawn Wanderer on Jan 16, 2023.
             Slain by a quokka (2 damage)
             ... on level 1 of the Dungeon.
             The game lasted 00:00:41 (24 turns).

growler the Stinger (Demonspawn Wanderer)             Turns: 24, Time: 00:00:41

Health: 0/15       AC:  2    Str: 10    XL:     1   Next: 8%
Magic:  3/3        EV:  7    Int: 15    God:
Gold:   0          SH:  3    Dex: 12    Spells: 4/4 levels left

rFire   . . .      SeeInvis .   a - +0 dagger
rCold   . . .      Faith    .   d - +0 buckler
rNeg    . . .      Spirit   .   c - +0 robe
rPois   .          Reflect  .   (no helmet)
rElec   .          Harm     .   (no cloak)
rCorr   .          Rampage  .   (no gloves)
Will    .....                   (no boots)
Stlth   +.........              (no amulet)
HPRegen 0.05/turn               (no ring)
MPRegen 0.08/turn               (no ring)

@: constricted
A: no striking features
a: no special abilities


You were on level 1 of the Dungeon.
You visited 1 branch of the dungeon, and saw 1 of its levels.

Inventory:

Hand Weapons
 a - a +0 dagger (weapon)
Armour
 c - a +0 robe (worn)
 d - a +0 buckler (worn)
Scrolls
 b - a scroll of blinking


   Skills:
 + Level 1.1 Fighting
 - Level 1.0 Shields
 - Level 2.0 Spellcasting
 - Level 1.7 Fire Magic
 - Level 2.0 Poison Magic
 - Level 1.2 Invocations
 - Level 1.0 Evocations


You had 4 spell levels left.
You didn't know any spells.
Your spell library contained the following spells:

 Spells                   Type           Power      Damage    Failure   Level
 Sting                    Tmut/Pois      16%        1d3       21%         1
 Foxfire                  Conj/Fire      16%        2x1d4     22%         1
 Spider Form              Tmut/Pois      4%         N/A       52%         3
 Conjure Flame            Conj/Fire      4%         6-21      54%         3
 Corpse Rot               Necr/Pois/Air  3%         N/A       93%         4


Dungeon Overview and Level Annotations

Branches:
Dungeon (1/15)

Altars:


Message History

A ball python comes into view.
Found a stone staircase leading down.
You block the quokka's attack. The quokka closely misses you.
You hit the quokka but do no damage. The quokka bites you.
You closely miss the quokka. You block the quokka's attack.
You hit the quokka.
The quokka is heavily wounded.
The quokka bites you. The quokka closely misses you.
You are too injured to fight recklessly!
You are too injured to fight recklessly!
You are too injured to fight recklessly!
You barely miss the quokka.
The quokka is heavily wounded.
The ball python closely misses you. x2; The quokka barely misses you.
The ball python bites you. The ball python closely misses you.
You hit the quokka.
The quokka is almost dead.
You block the quokka's attack. The ball python bites you.
* * * LOW HITPOINT WARNING * * *
The ball python barely misses you.
You miss the quokka.
The quokka is almost dead.
The quokka closely misses you. The ball python misses you.
The ball python grabs you. The ball python constricts you.
The quokka barely misses you.
You hit the quokka but do no damage.
The quokka is almost dead.
The ball python completely misses you. The ball python constricts you.
* * * LOW HITPOINT WARNING * * *
The quokka barely misses you.
You closely miss the quokka.
The quokka is almost dead.
You block the ball python's attack. The ball python constricts you.
The quokka completely misses you. The ball python bites you.
* * * LOW HITPOINT WARNING * * *
The ball python constricts you.
You closely miss the quokka.
The quokka is almost dead.
The quokka bites you.
You die...

########## ###
#......... ....
#......... ....####
#.........
......####.........
#................
#.###.#......@r......
#........#....S....##
#.....#.####.......>.
..#.# #.# ####.....#
.. #.# .....# . ##.##
.....# #...# ....#
#...# ..... ##...##


You could see a quokka and a ball python.

Vanquished Creatures
  A frilled lizard (D:1)
1 creature vanquished.

Notes
Turn   | Place    | Note
-------+----------+-------------------------------------------
     0 | D:1      | growler the Demonspawn Wanderer began the quest for the
                  | Orb.
     0 | D:1      | growler set off with the following items: a +0 dagger, a
                  | scroll of blinking, a +0 robe, a +0 buckler; and the
                  | following spells available to memorise: Sting, Foxfire,
                  | Spider Form, Conjure Flame, Corpse Rot.
     0 | D:1      | Reached XP level 1. HP: 15/15 MP: 3/3
    24 | D:1      | Slain by a quokka

Illustrated notes

Levels and vault maps discovered:
D:1:      dpeg_arrival_rhombus, layout_basic, minmay_cupped

Action                   || total
-------------------------++-------
Melee: Dagger            ||    10
Dodge: Dodged            ||    13
Block: Buckler           ||     5
